 Dungeon Crawl Stone Soup version 0.20.1-1-g8b1a95d (webtiles) character file.

222 dohliylev the Sneak (level 5, -3/40 HPs)
             Began as a Vampire Assassin on July 8, 2017.
             Slain by a river rat (8 damage)
             ... on level 3 of the Dungeon.
             The game lasted 00:18:27 (3709 turns).

dohliylev the Sneak (Vampire Assassin)              Turns: 3709, Time: 00:18:28

Health: -3/40      AC: 16    Str: 10    XL:     5   Next: 66%
Magic:  5/5        EV: 11    Int: 14    God:
Gold:   165        SH:  7    Dex: 16    Spells: 4/4 levels left

rFire    . . .     SeeInvis +   n - +0 dagger (protect)
rCold    + . .     Gourm    .   j - +0 shield
rNeg     + + .     Faith    .   c - +0 robe
rPois    +         Spirit   .   e - +2 helmet
rElec    .         Reflect  .   r - +2 cloak {MR+}
rCorr    .         Harm     .   (no gloves)
MR       +....                  h - +0 pair of boots
Stlth    +++.......             l - amulet of inaccuracy (curse)
Regen    0.1/turn               (no ring)
MPRegen  0.1/turn               (no ring)

@: protection aura, regenerating slowly, very slow
A: fangs 3, see invisible, unbreathing
a: Bat Form


You were on level 3 of the Dungeon.
You were thirsty.

You visited 1 branch of the dungeon, and saw 3 of its levels.

You collected 165 gold pieces.

Inventory:

Hand Weapons
 a - a +2 dagger
 b - a +0 blowgun
 n - a +0 dagger of protection (weapon)
 q - a +1 dagger of speed
Missiles
 f - 2 curare-tipped needles
 p - 7 poisoned needles
Armour
 c - a +0 robe (worn)
 e - a +2 helmet (worn)
 h - a +0 pair of boots (worn)
 j - a +0 shield (worn)
 r - a +2 cloak of magic resistance (worn)
Jewellery
 l - a cursed amulet of inaccuracy (around neck)
Scrolls
 d - a scroll of fear
 i - 2 scrolls of identify
 m - 2 scrolls of magic mapping
 s - a scroll of teleportation {unknown}
Potions
 g - 14 potions of blood
 k - a potion of magic {unknown}
 o - a potion of invisibility {unknown}
 t - a potion of brilliance {unknown}


   Skills:
 + Level 2.9 Fighting
 + Level 3.3 Short Blades
 + Level 2.0 Throwing
 + Level 2.9 Dodging
 + Level 7.4 Stealth
 + Level 1.0 Shields


You had 4 spell levels left.
You didn't know any spells.

Dungeon Overview and Level Annotations

Branches:
Dungeon (3/15)

Altars:
Ashenzari
Gozag
Hepliaklqana
Uskayaw

Annotations:
D:3 Quirk's ghost, amateur HuBe


Innate Abilities, Weirdness & Mutations

You heal slowly.
You have razor-sharp teeth.
You have supernaturally acute eyesight. (SInv)
You can survive without breathing.


Message History

The river rat completely misses you. You block the river rat's attack.
The worm splashes around in the water.
Your unstable footing causes you to fumble your attack.
The river rat misses you. The river rat bites you.
You hit the river rat.
The river rat is lightly wounded.
The river rat twitches its whiskers.
You block the river rat's attack.
The worm splashes around in the water.
The river rat bites you but does no damage.
Your unstable footing causes you to fumble your attack.
The river rat closely misses you. You block the river rat's attack.
You hit the river rat.
The river rat is heavily wounded.
You block the river rat's attack. The worm bites you but does no damage.
The river rat bites you!
* * * LOW HITPOINT WARNING * * *
You hit the river rat.
The river rat is severely wounded.
The river rat bites you!
You die...

######.# ##.# #.# #.#
#.# #.. #.# #### #_#
##.## #.###...# #
#.##..... #$########≈#
#.#...... #.≈≈≈≈wr@w≈#
#........ #.≈≈#≈#r#####
#.#...... #..≈.≈≈o≈≈..##
#....S... #.....!≈.....#
####...># ##...........#
#.#.## #.#..###o##.#
#####.#### # ##.
#..##.###.(.......
.##.##.###.............
#..$.........##.########


You could see 2 worms, 2 river rats and an orc.

Vanquished Creatures
  Crazy Yiuf (D:2)
  Jessica (D:2)
  Terence (D:2)
  Robin (D:2)
  A gnoll (D:3)
  3 adders
  An ooze (D:2)
  3 worms
  A dart slug (D:1)
  A leopard gecko (D:3)
  An orc (D:3)
  2 giant cockroaches (D:1)
  14 goblins
  13 hobgoblins
  6 jackals
  6 kobolds
  A ball python (D:2)
  13 bats
  2 frilled lizards
  7 rats
79 creatures vanquished.

Notes
Turn   | Place    | Note
-------+----------+-------------------------------------------
     0 | D:1      | dohliylev the Vampire Assassin began the quest for the Orb.
     0 | D:1      | Reached XP level 1. HP: 16/16 MP: 1/1
    59 | D:1      | Reached skill level 6 in Stealth
   191 | D:1      | Reached XP level 2. HP: 18/22 MP: 2/2
   701 | D:1      | Reached XP level 3. HP: 17/27 MP: 3/3
   989 | D:2      | Found an opulent altar of Gozag.
  1087 | D:2      | Noticed Terence
  1090 | D:2      | Noticed Robin
  1387 | D:2      | Killed Terence
  1387 | D:2      | Reached skill level 7 in Stealth
  1387 | D:2      | Reached XP level 4. HP: 23/34 MP: 4/4
  1511 | D:2      | Noticed Jessica
  1956 | D:2      | Killed Jessica
  2214 | D:2      | Killed Robin
  2214 | D:2      | Reached XP level 5. HP: 21/39 MP: 5/5
  2475 | D:2      | Found a shattered altar of Ashenzari.
  2611 | D:2      | Found a runed door.
  2615 | D:2      | Noticed Crazy Yiuf
  2648 | D:2      | Killed Crazy Yiuf
  2986 | D:3      | Found a hazy altar of Hepliaklqana.
  3253 | D:3      | Reached skill level 1 in Shields
  3332 | D:3      | Found a hide-covered altar of Uskayaw.
  3389 | D:3      | Noticed Quirk's ghost (amateur HuBe)
  3709 | D:3      | Slain by a river rat

Skill      XL: |  1  2  3  4  5 |
---------------+----------------+-----
Stealth        | 6 7 |  7.4
Fighting       | 2 |  2.9
Short Blades   | 3 |  3.3
Dodging        | 2 |  2.9
Throwing       | 2 |  2.0
Shields        | 1 |  1.0

Action                   |  1- 3 |  4- 6 || total
-------------------------+-------+-------++-------
Melee: Dagger            |   132 |   347 ||   479
       Bite              |     8 |    26 ||    34
       Unarmed           |       |     5 ||     5
 Fire: Blowgun           |     4 |    28 ||    32
 Abil: End Transformatio |     1 |     8 ||     9
       Bat Form          |     1 |     8 ||     9
  Use: Scroll            |       |     2 ||     2
       Potion            |       |     1 ||     1
 Stab: Sleeping          |    12 |     7 ||    19
       Distracted        |     1 |     1 ||     2
  Eat: Corpse            |     4 |     2 ||     6
Armor: Robe              |    50 |   153 ||   203
Dodge: Dodged            |    57 |   209 ||   266
Block: Shield            |    27 |   146 ||   173
